 Dungeon Crawl Stone Soup version 0.21-a0-283-g622b906 (webtiles) character file.

107937 Monsterracer the Brawler (level 16, -15/131 HPs)
             Began as a Barachi Transmuter on Sept 21, 2017.
             Was the Champion of Okawaru.
             Killed from afar by Nikola (22 damage)
             ... with a chain lightning
             ... on level 3 of the Swamp on Sept 24, 2017.
             The game lasted 01:42:43 (38234 turns).

Monsterracer the Brawler (Barachi Transmuter)      Turns: 38234, Time: 01:42:44

Health: -15/131    AC: 20    Str: 17    XL:     16   Next: 48%
Magic:  17/23      EV: 19    Int: 16    God:    Okawaru [******]
Gold:   1405       SH:  0    Dex: 14    Spells: 5/23 levels left

rFire    . . .     SeeInvis .     - Unarmed
rCold    . . .     Gourm    .   (shield currently unavailable)
rNeg     . . .     Faith    .   X - +0 swamp dragon scales
rPois    +         Spirit   .   n - +2 hat
rElec    .         Reflect  .   (no cloak)
rCorr    .         Harm     .   (gloves currently unavailable)
MR       ++...     Rnd*Rage +   F - +1 pair of boots
Stlth    ++........             H - amulet of rage
HPRegen  0.31/turn              x - +4 ring of protection
MPRegen  0.18/turn              y - ring of protection from magic

@: blade hands (expiring), heroism, slow
A: +LOS, swims, horns 1, agile 1, berserk 1, slowness 1, strong legs 2
a: Hop, End Transformation, Heroism, Finesse, Renounce Religion, Evoke Berserk
Rage


You were on level 3 of the Swamp.
You worshipped Okawaru.
Okawaru was exalted by your worship.
You were not hungry.
You had blades for hands.
You visited 4 branches of the dungeon, and saw 26 of its levels.

You collected 2666 gold pieces.
You spent 1261 gold pieces at shops.

Inventory:

Missiles
 a - 393 arrows
 d - 2 throwing nets (quivered)
Armour
 c - a +2 pair of gloves of strength (melded)
 n - a +2 hat (worn)
 v - a +4 plate armour of poison resistance
 B - a scarf of resistance
 F - a +1 pair of boots (worn)
 I - a +2 helmet
 M - the +0 buckler of the Moon (melded) {MR+}
   (Okawaru gifted it to you on level 3 of the Lair of Beasts)

   It affects your resistance to hostile enchantments.
 N - the +4 ring mail of Umepn {Regen+ rCorr Str-4 Int+6}
   (You found it on level 5 of the Lair of Beasts)

   It affects your strength (-4).
   It affects your intelligence (+6).
   It increases your rate of regeneration.
   It protects you from acid and corrosion.
 X - +0 swamp dragon scales (worn)
Jewellery
 f - an uncursed ring of flight
 x - a +4 ring of protection (left scythe-like blade)
 y - a ring of protection from magic (right scythe-like blade)
 A - an uncursed ring of positive energy
 H - an amulet of rage (around neck)
 O - an uncursed ring of protection from fire
 U - an uncursed ring of protection from cold
Wands
 b - a wand of clouds (0/9)
 k - a wand of acid (2/15)
 l - a wand of scattershot (6/9)
 m - a wand of flame (18/48)
 r - a wand of flame (46/48)
 z - a wand of digging (14/24)
 Y - a wand of flame (26/48)
Scrolls
 h - 6 scrolls of magic mapping
 o - 2 scrolls of amnesia
 q - 5 scrolls of teleportation
 s - 5 scrolls of recharging
 C - 4 scrolls of fear
 D - 2 scrolls of remove curse
 K - 3 scrolls of fog
 T - 4 scrolls of blinking
 W - 3 scrolls of identify
Potions
 e - 11 potions of curing
 g - 3 potions of brilliance
 i - 5 potions of agility
 p - 3 potions of haste
 u - 3 potions of magic
 w - a potion of ambrosia
 E - 6 potions of heal wounds
 G - 7 potions of might
 P - 4 potions of flight
 Q - 2 potions of invisibility
 R - 2 potions of cancellation
Books
 V - a book of Enchantments

   Spells                             Type                      Level
   a - Cause Fear                     Hexes                        4
   b - Yara's Violent Unravelling     Hexes/Transmutation          5
   c - Silence                        Hexes/Air                    5
   d - Deflect Missiles               Charms/Air                   6
   e - Discord                        Hexes                        8
Comestibles
 j - 16 royal jellies
 t - 12 bread rations
 L - 5 fruits
 S - 4 meat rations


   Skills:
 + Level 13.5(18.5) Fighting
 * Level 10.6(15.6) Armour
 - Level 7.8(12.8) Dodging
 - Level 3.9(8.9) Shields
 * Level 18.1(23.1) Unarmed Combat
 - Level 4.0 Spellcasting
 - Level 3.0 Hexes
 - Level 3.8 Charms
 - Level 2.4 Necromancy
 + Level 12.3 Transmutations
 - Level 3.1 Ice Magic
 - Level 9.5 Invocations
 - Level 3.0 Evocations


You had 5 spell levels left.
You knew the following spells:

 Your Spells              Type           Power        Failure   Level  Hunger
a - Ice Form              Ice/Tmut       ####....     47%         4    ####...
b - Confusing Touch       Hex            ##....       41%         1    None
c - Regeneration          Chrm/Necr      ##........   65%         3    ###....
d - Blade Hands           Tmut           #####.....   30%         5    ######.
e - Spider Form           Tmut/Pois      ###.......   36%         3    ###....
f - Sticks to Snakes      Tmut           #####...     9%          2    ##.....


Dungeon Overview and Level Annotations

Branches:
Dungeon (15/15)            Temple (0/1) D:6            Lair (6/6) D:9
  Swamp (3/4) Lair:3        Snake (0/4) Lair:4        Slime (0/5) Lair:5
    Orc (2/2) D:9             Elf (0/3) Orc:2        Vaults (0/5) D:14
 Depths (0/5) D:15

Altars:
Fedhas
Gozag
Okawaru
Ru
Uskayaw
Yredelemnul
Zin

Shops:
D:8 }   D:13 %   D:15 [   Orc:1 (   Orc:2 %[:[

Annotations:
Swamp:3 Nikola


Innate Abilities, Weirdness & Mutations

Shadows flee at your approach. (+LOS)
You can swim through water.
You cover ground slowly.
You can hop longer distances.
You have a pair of small horns on your head.
You are agile. (Dex +2)
You tend to lose your temper in combat.


Message History

The swamp dragon breathes poison at you.
Your transformation is almost over.
Nikola mumbles some strange words.
Nikola blinks!
The spriggan rider hits you from afar with a spear!
The spriggan druid gestures wildly while chanting.
The forest starts to sway and rumble!
Damage: -5%(-7hp) hp: 63%(82hp)
A tree reaches out and hits you!
Nikola mumbles some strange words.
You hear a mighty clap of thunder!
The lightning arc hits you!
* * * LOW HITPOINT WARNING * * *
The lightning arc hits the spriggan rider.
The lightning arc hits you!
* * * LOW HITPOINT WARNING * * *
The lightning arc hits the spriggan rider.
The spriggan rider dies!
The hornet dies!
You hear a splash. x2
The lightning arc hits you!
* * * LOW HITPOINT WARNING * * *
You hear a shout!
Huge Dmg: -50%(-66hp) hp: 13%(16hp) Unknown command.
Nikola mumbles some strange words.
You hear a mighty clap of thunder!
The lightning arc hits you!
* * * LOW HITPOINT WARNING * * *
The lightning arc hits Nikola.
The lightning arc hits you!
You die...

.....≈≈≈≈≈≈≈≈≈≈.≈≈≈.♣
....≈≈≈≈≈≈†≈≈≈...≈≈.♣
.♣≈≈≈≈≈≈≈......♣..$.♣♣♣
..≈≈≈≈...♣♣♣.i.≈♣.≈≈.≈♣
≈≈≈..≈♣♣≈♣ ♣♣§.§).≈≈.!♣
≈≈>≈♣♣♣♣.♣ ♣.§§§≈...≈♣♣
..≈♣♣ ♣♣♣♣♣.§§§♣....♣♣♣
.♣♣♣ ♣.≈≈≈≈§§§.§.≈≈≈.♣
.≈♣♣ ♣.≈≈≈≈≈D≈@≈≈≈≈≈.♣
...♣ ♣♣.≈≈§≈≈§<♣≈.≈..♣
♣♣♣♣ ♣♣♣♣.≈§≈≈..♣♣♣@.♣♣
...♣ ♣.≈≈..≈≈≈.§♣ ♣♣♣
.≈≈♣ ♣≈≈..≈...≈♣♣ ...♣
≈...≈≈≈.♣♣♣ ..≈♣
♣.♣≈≈≈≈. ♣♣♣♣ ♣≈≈≈.♣ ♣
♣§.≈♣


You could see Nikola, a swamp dragon and a spriggan.

Vanquished Creatures
  A thorn hunter (Swamp:2)
  An orc warlord (Orc:1)
  The ghost of Syneil the Severer, a journeyman HOFi of Beogh (Orc:2)
  Nessos (D:15)
  The ghost of p0werm0de the Fighter, a journeyman MiCK of Xom (Orc:2)
  A yaktaur captain (D:15)
  The ghost of motkurip the Fighter, a journeyman GrGl of Makhleb (Lair:1)
  Harold (Lair:4)
  9 hydras
  3 vault guards (D:14)
  The ghost of Dominolapin the Ducker, a journeyman HuWz of Fedhas (Lair:1)
  Fannar (Lair:1)
  A death knight (D:13)
  3 centaur warriors
  A tengu warrior (D:13)
  7 two-headed ogres
  Urug (D:12)
  3 orc high priests (Orc:2)
  Sonja (Lair:1)
  2 spriggans
  A fire crab (shapeshifter) (D:15)
  A skeletal warrior (D:13)
  An unseen horror (D:10)
  An unseen horror (shapeshifter) (D:15)
  2 wizards
  A spriggan druid (Swamp:2)
  A shambling mangrove (Swamp:3)
  A wolf spider zombie (D:13)
  A swamp dragon (Swamp:2)
  A necromancer (D:14)
  3 manticores
  6 orc knights
  4 orc sorcerers (Orc:2)
  2 wolf spiders (Lair:6)
  2 deep elf magi (D:12)
  7 ugly things
  3 cyclopes
  A guardian serpent (Lair:6)
  Joseph (Lair:1)
  Maurice (Orc:1)
  9 black mambas
  6 elephants
  Psyche (D:8)
  3 gargoyles
  31 spiny frogs
  2 rime drakes
  9 komodo dragons
  A kobold demonologist (D:12)
  2 yaktaurs
  8 trolls
  3 meliai (D:13)
  2 polar bears
  9 hornets
  20 blink frogs
  5 slime creatures
  10 hippogriffs
  5 bog bodies
  6 tyrant leeches
  A shadow (D:14)
  Sigmund (D:6)
  3 redbacks (Lair:6)
  2 wraiths (D:13)
  20 humans
  8 wyverns
  9 vampire mosquitoes
  31 yaks
  2 basilisks
  4 hogs (D:7)
  A warg (Orc:1)
  2 hungry ghosts
  Menkaure (D:4)
  3 insubstantial wisps (Swamp:3)
  An acid dragon (D:14)
  13 swamp worms
  27 water moccasins
  10 porcupines
  27 orc warriors
  2 swamp drakes
  6 ice beasts
  5 sky beasts
  2 black bears
  11 ogres
  An eye of draining (D:12)
  A necrophage (D:10)
  A hornet zombie (D:13)
  2 phantoms
  7 centaurs
  8 wolves
  14 crocodiles
  2 big kobolds
  9 bullfrogs
  2 scorpions
  18 killer bees
  6 howler monkeys
  7 electric eels
  A crimson imp (D:14)
  6 centaur zombies
  A bullfrog zombie (D:6)
  14 orc wizards
  6 hounds
  13 orc priests
  2 bullfrog skeletons
  7 jellies
  8 iguanas
  5 centaur skeletons
  11 worker ants
  A killer bee zombie (D:7)
  2 hound zombies
  3 hound skeletons
  Robin (D:4)
  A howler monkey zombie (D:5)
  A howler monkey skeleton (D:5)
  5 worker ant zombies
  8 gnolls
  11 adders
  4 shadow imps
  An adder zombie (D:6)
  An adder skeleton (D:6)
  3 worms
  2 dart slugs
  4 leopard geckos
  73 orcs
  5 bats
  9 giant cockroaches
  8 hobgoblins
  4 jackals (D:4)
  7 quokkas
  8 frilled lizards
  10 goblins
  2 jackal zombies
  19 kobolds
  A leopard gecko skeleton (D:4)
  A leopard gecko zombie (D:6)
  2 quokka zombies (D:6)
  8 rats
763 creatures vanquished.

Vanquished Creatures (others)
  A spriggan (Swamp:3)
  A tyrant leech (Swamp:3)
  A hornet (Swamp:3)
  An orc (Orc:2)
  16 fungi
  14 plants
34 creatures vanquished.

Grand Total: 797 creatures vanquished

Notes
Turn   | Place    | Note
-------+----------+-------------------------------------------
     0 | D:1      | Monsterracer the Barachi Transmuter began the quest for the Orb.
     0 | D:1      | Reached XP level 1. HP: 15/15 MP: 3/3
   179 | D:1      | Reached XP level 2. HP: 14/21 MP: 5/5
   183 | D:1      | Learned a level 2 spell: Sticks to Snakes
   614 | D:1      | HP: 10/21 [kobold (1)]
  1508 | D:2      | Reached XP level 3. HP: 18/26 MP: 6/6
  1513 | D:2      | Learned a level 3 spell: Spider Form
  1621 | D:2      | Reached skill level 4 in Unarmed Combat
  1632 | D:2      | HP: 13/26 [goblin/dagger (3)]
  1865 | D:2      | Found a glowing silver altar of Zin.
  1866 | D:2      | Found an opulent altar of Gozag.
  2752 | D:2      | Reached XP level 4. HP: 28/32 MP: 3/7
  3293 | D:3      | Found a faded altar of an unknown god.
  3492 | D:3      | HP: 16/32 [poisoned by an adder]
  4011 | D:4      | Noticed Menkaure
  4032 | D:4      | Reached skill level 5 in Unarmed Combat
  4032 | D:4      | Reached XP level 5. HP: 37/37 MP: 1/8
  4041 | D:4      | Found an iron altar of Okawaru.
  4044 | D:4      | Became a worshipper of Warmaster Okawaru
  4096 | D:4      | Noticed Robin
  4109 | D:4      | HP: 18/37 [Robin/wand of flame (?/48) (12)]
  4111 | D:4      | Killed Robin
  4250 | D:4      | HP: 14/37 [gnoll (5)]
  4262 | D:4      | Reached XP level 6. HP: 27/43 MP: 5/9
  4411 | D:4      | HP: 15/43 [??? (10)]
  4669 | D:4      | Reached skill level 5 in Transmutations
  4977 | D:4      | HP: 13/43 [Menkaure (13)]
  4981 | D:4      | HP: 6/43 [??? (3)]
  5272 | D:5      | Entered Level 5 of the Dungeon
  5480 | D:5      | Reached skill level 6 in Unarmed Combat
  5587 | D:5      | Reached * piety under Okawaru
  5587 | D:5      | Reached XP level 7. HP: 37/49 MP: 6/10
  6207 | D:5      | Found a hide-covered altar of Uskayaw.
  6208 | D:5      | Found a basalt altar of Yredelemnul.
  6532 | D:4      | Learned a level 5 spell: Blade Hands
  6632 | D:4      | Reached skill level 1 in Invocations
  6869 | D:4      | HP: 24/50 [Menkaure (19)]
  6870 | D:4      | HP: 9/50 [Menkaure (15)]
  6872 | D:4      | Killed Menkaure
  7462 | D:6      | Reached skill level 7 in Unarmed Combat
  7471 | D:6      | Reached XP level 8. HP: 51/57 MP: 1/11
  7538 | D:6      | HP: 22/58 [orc priest/divine providence (16)]
  7541 | D:6      | Reached ** piety under Okawaru
  7946 | D:6      | Found a staircase to the Ecumenical Temple.
  8244 | D:6      | Noticed Sigmund
  8253 | D:6      | Killed Sigmund
  8253 | D:6      | Reached skill level 8 in Unarmed Combat
  8459 | D:7      | HP: 21/60 [iguana (10)]
  8663 | D:7      | Reached *** piety under Okawaru
  8667 | D:7      | Reached XP level 9. HP: 58/65 MP: 9/12
  9028 | D:7      | Reached skill level 9 in Unarmed Combat
  9041 | D:7      | Reached skill level 5 in Fighting
  9060 | D:7      | HP: 34/68 [poisoned by a killer bee]
  9066 | D:7      | HP: 32/68 [poisoned by a killer bee]
  9072 | D:7      | HP: 30/68 [poisoned by a killer bee]
  9080 | D:7      | HP: 30/68 [poisoned by a killer bee]
  9088 | D:7      | HP: 29/68 [poisoned by a killer bee]
  9676 | D:7      | Reached **** piety under Okawaru
  9685 | D:7      | Reached XP level 10. HP: 49/75 MP: 8/13
 10046 | D:8      | Gained mutation: You are frail. (-10% HP) [mutagenic meat]
 10047 | D:8      | Gained mutation: You tend to lose your temper in combat. [mutagenic meat]
 10048 | D:8      | Gained mutation: Your magical capacity is low. (-10% MP) [mutagenic meat]
 10049 | D:8      | Gained mutation: You often lose your temper in combat. [mutagenic meat]
 10066 | D:8      | Found Licsad's Gadget Emporium.
 10082 | D:8      | Reached skill level 10 in Unarmed Combat
 10111 | D:8      | Found a sacrificial altar of Ru.
 10292 | D:8      | Reached skill level 10 in Transmutations
 10488 | D:8      | Gained mutation: You are agile. (Dex +2) [mutagenic meat]
 10636 | D:8      | Gained mutation: You have a pair of small horns on your head. [mutagenic meat]
 10637 | D:8      | Lost mutation: You are agile. (Dex +2) [mutagenic meat]
 10933 | D:8      | Noticed Psyche
 10940 | D:8      | Killed Psyche
 10940 | D:8      | Reached skill level 1 in Armour
 11011 | D:8      | Reached ***** piety under Okawaru
 11416 | D:8      | HP: 34/69 [poisoned by a killer bee]
 11421 | D:8      | HP: 30/69 [poisoned by a killer bee]
 11426 | D:8      | HP: 26/69 [poisoned by a killer bee]
 11432 | D:8      | HP: 24/69 [poisoned by a killer bee]
 11440 | D:8      | HP: 23/69 [poisoned by a killer bee]
 11448 | D:8      | HP: 22/69 [poisoned by a killer bee]
 11967 | D:8      | HP: 34/69 [porcupine's spines (13)]
 11968 | D:8      | Reached skill level 5 in Invocations
 11974 | D:8      | HP: 34/69 [poisoned by a scorpion]
 11979 | D:8      | HP: 33/69 [poisoned by a scorpion]
 12721 | D:9      | HP: 32/69 [electric eel/bolt of electricity (9)]
 12722 | D:9      | HP: 9/69 [electric eel/bolt of electricity (7)]
 12723 | D:9      | HP: 4/69 [electric eel/bolt of electricity (5)]
 13038 | D:9      | Noticed a gargoyle
 13045 | D:9      | Killed a gargoyle
 13172 | D:9      | HP: 28/69 [electric eel/bolt of electricity (9)]
 13201 | D:9      | HP: 24/69 [orc priest/divine providence (10)]
 13770 | D:9      | HP: 24/69 [electric eel/bolt of electricity (11)]
 13793 | D:9      | HP: 14/69 [orc warrior/tomahawk (6)]
 14235 | D:9      | Lost mutation: Your magical capacity is low. (-10% MP) [potion of mutation]
 14235 | D:9      | Lost mutation: You are frail. (-10% HP) [potion of mutation]
 14235 | D:9      | Gained mutation: You are agile. (Dex +2) [potion of mutation]
 14235 | D:9      | Lost mutation: You often lose your temper in combat. [potion of mutation]
 14340 | D:9      | Reached XP level 11. HP: 83/83 MP: 8/14
 14392 | D:9      | Found a staircase to the Orcish Mines.
 14401 | D:9      | HP: 40/83 [orc warrior/hand axe (2)]
 14403 | D:9      | HP: 15/83 [orc warrior/hand axe (16)]
 14419 | D:9      | HP: 5/83 [orc priest/divine providence (14)]
 14890 | D:9      | Found a staircase to the Lair.
 14893 | D:9      | Received a gift from Okawaru
 15206 | D:9      | Reached skill level 11 in Unarmed Combat
 15576 | Lair:1   | Entered Level 1 of the Lair of Beasts
 15576 | Lair:1   | Noticed Dominolapin's ghost (journeyman HuWz)
 15583 | Lair:1   | Killed Dominolapin's ghost
 15589 | Lair:1   | Reached skill level 5 in Dodging
 15712 | Lair:1   | Noticed Joseph
 15722 | Lair:1   | Killed Joseph
 16033 | Lair:1   | Noticed motkurip's ghost (journeyman GrGl)
 16046 | Lair:1   | Killed motkurip's ghost
 16418 | Lair:1   | Noticed Sonja
 16440 | Lair:1   | Killed Sonja
 16530 | Lair:1   | Noticed a six-headed hydra
 16633 | Lair:2   | Reached skill level 12 in Unarmed Combat
 16739 | Lair:2   | Received a gift from Okawaru
 16742 | Lair:2   | Got an encrusted chain mail {god gift}
 16753 | Lair:2   | Identified the +2 chain mail of Okawaru's Esteem {rC+ Str+3} (Okawaru gifted it to you on level 2 of the Lair of Beasts)
 16804 | Lair:2   | Reached XP level 12. HP: 49/93 MP: 12/16
 17330 | Lair:2   | Learned a level 4 spell: Ice Form
 17884 | Lair:3   | Found a staircase to the Swamp.
 17899 | Lair:3   | Reached skill level 1 in Ice Magic
 18051 | Lair:3   | HP: 38/94 [swamp worm (13)]
 18776 | Lair:3   | Received a gift from Okawaru
 18782 | Lair:3   | Got a fine buckler {god gift}
 18807 | Lair:3   | Identified the +0 buckler of the Moon {MR+} (Okawaru gifted it to you on level 3 of the Lair of Beasts)
 18879 | Lair:3   | Reached skill level 13 in Unarmed Combat
 19110 | Lair:3   | HP: 45/95 [elephant (8)]
 19112 | Lair:3   | Reached skill level 5 in Armour
 19290 | Lair:3   | HP: 40/95 [elephant (16)]
 19569 | Lair:3   | Gained mutation: You can hop longer distances. [Barachi growth]
 19569 | Lair:3   | Reached XP level 13. HP: 82/101 MP: 10/18
 20217 | Lair:1   | Noticed Fannar
 20231 | Lair:1   | Killed Fannar
 20693 | Lair:4   | Reached skill level 10 in Fighting
 20951 | Lair:4   | Reached skill level 14 in Unarmed Combat
 21056 | Lair:4   | Found a staircase to the Snake Pit.
 21139 | Lair:4   | Noticed Harold
 21145 | Lair:4   | HP: 34/103 [Harold/bolt of fire (19)]
 21148 | Lair:4   | HP: 15/103 [Harold/bolt of fire (19)]
 21151 | Lair:4   | Killed Harold
 21802 | Lair:4   | Got a sapphire long sword
 21803 | Lair:4   | Identified the +7 long sword of the Heart {speed, -Tele rElec rPois Str+8} (You found it on level 4 of the Lair of Beasts)
 22041 | Lair:5   | Found a staircase to the Slime Pits.
 22051 | Lair:5   | HP: 41/103 [rime drake/flash freeze (20)]
 22064 | Lair:4   | HP: 41/103 [acid (4)]
 22297 | Lair:5   | HP: 41/103 [komodo dragon (21)]
 22927 | Lair:5   | Got a brightly glowing ring mail
 22938 | Lair:5   | Identified the +4 ring mail of Umepn {Regen+ rCorr Str-4 Int+6} (You found it on level 5 of the Lair of Beasts)
 22965 | Lair:5   | Received a gift from Okawaru
 22990 | Lair:5   | HP: 52/104 [blink frog (5)]
 23007 | Lair:5   | HP: 37/104 [blink frog (16)]
 23013 | Lair:5   | HP: 14/104 [blink frog (13)]
 23014 | Lair:5   | HP: 5/104 [blink frog (9)]
 23996 | Lair:6   | Entered Level 6 of the Lair of Beasts
 24202 | Lair:6   | HP: 47/105 [spiny frog (12)]
 24207 | Lair:6   | HP: 40/105 [poisoned by a spiny frog]
 24212 | Lair:6   | HP: 36/105 [poisoned by a spiny frog]
 24217 | Lair:6   | HP: 35/105 [poisoned by a spiny frog]
 24222 | Lair:6   | HP: 34/105 [poisoned by a spiny frog]
 24228 | Lair:6   | HP: 35/105 [poisoned by a spiny frog]
 24234 | Lair:6   | HP: 37/105 [poisoned by a spiny frog]
 24242 | Lair:6   | HP: 40/105 [poisoned by a spiny frog]
 24417 | Lair:6   | Reached ****** piety under Okawaru
 24417 | Lair:6   | Reached skill level 15 in Unarmed Combat
 24422 | Lair:6   | Received a gift from Okawaru
 24430 | Lair:6   | Got a slimy ring mail {god gift}
 24441 | Lair:6   | Identified the +4 ring mail of Okawaru's Whim {rElec Stlth+} (Okawaru gifted it to you on level 6 of the Lair of Beasts)
 24526 | Lair:6   | Reached XP level 14. HP: 111/111 MP: 20/20
 24548 | Lair:6   | HP: 51/113 [wyvern (13)]
 24668 | Lair:6   | Paralysed by a hornet for 1 turns
 24778 | Lair:6   | HP: 54/113 [guardian serpent (10)]
 24783 | Lair:6   | HP: 47/113 [poisoned by a guardian serpent (bolt of poison)]
 24788 | Lair:6   | HP: 44/113 [poisoned by a guardian serpent (bolt of poison)]
 24793 | Lair:6   | HP: 44/113 [poisoned by a guardian serpent (bolt of poison)]
 24799 | Lair:6   | HP: 47/113 [poisoned by a guardian serpent (bolt of poison)]
 24804 | Lair:6   | HP: 50/113 [poisoned by a guardian serpent (bolt of poison)]
 24810 | Lair:6   | HP: 52/113 [poisoned by a guardian serpent (bolt of poison)]
 25770 | Orc:1    | Entered Level 1 of the Orcish Mines
 25770 | Orc:1    | Found Tair's Antique Weapon Shoppe.
 26097 | Orc:2    | Entered Level 2 of the Orcish Mines
 26105 | Orc:2    | Noticed an orc warlord
 26113 | Orc:1    | HP: 54/113 [orc warrior/war axe[an orc warlord] (17)]
 26211 | Orc:1    | HP: 42/113 [orc warrior/hand axe[an orc warlord] (24)]
 26358 | Orc:1    | Reached skill level 1 in Evocations
 26489 | Orc:1    | Killed an orc warlord
 26701 | Orc:2    | Found a staircase to the Elven Halls.
 26826 | Orc:2    | Noticed p0werm0de's ghost (journeyman MiCK)
 26839 | Orc:2    | Killed p0werm0de's ghost
 26865 | Orc:2    | Noticed Syneil's ghost (journeyman HOFi)
 26875 | Orc:2    | Killed Syneil's ghost
 26875 | Orc:2    | Reached skill level 16 in Unarmed Combat
 27134 | Orc:1    | Noticed Maurice
 27140 | Orc:1    | Killed Maurice
 27140 | Orc:1    | Received a gift from Okawaru
 27675 | Orc:2    | Paralysed by an orc sorcerer for 3 turns
 28057 | Orc:2    | Found Genk's Armour Shop.
 28057 | Orc:2    | Found Nuvvazof's Food Emporium.
 28064 | Orc:2    | HP: 57/115 [ice devil[an orc high priest] (22)]
 28069 | Orc:2    | HP: 81/172 [poisoned by an orc high priest]
 28070 | Orc:2    | Found Haabb's Antique Armour Shop.
 28070 | Orc:2    | Found Qaeraed's Book Emporium.
 28074 | Orc:2    | HP: 78/172 [poisoned by an orc high priest]
 28079 | Orc:2    | HP: 48/115 [poisoned by an orc high priest]
 28084 | Orc:2    | HP: 46/115 [poisoned by an orc high priest]
 28090 | Orc:2    | HP: 49/115 [poisoned by an orc high priest]
 28097 | Orc:2    | HP: 53/115 [poisoned by an orc high priest]
 28251 | Orc:2    | Bought a pair of gloves for 144 gold pieces
 28258 | Orc:2    | Bought a +2 pair of gloves of strength for 365 gold pieces
 28412 | D:10     | Entered Level 10 of the Dungeon
 29218 | D:11     | Reached XP level 15. HP: 112/120 MP: 18/22
 30301 | D:12     | HP: 53/122 [nine-headed hydra (14)]
 30304 | D:12     | Noticed Urug
 30306 | D:12     | HP: 29/122 [Urug/javelin (16)]
 30315 | D:12     | HP: 57/122 [Urug/javelin (2)]
 30319 | D:12     | Killed Urug
 30455 | D:12     | Learned a level 3 spell: Regeneration
 30686 | D:12     | Reached skill level 1 in Charms
 30709 | D:12     | Reached skill level 1 in Necromancy
 31262 | D:12     | Received a gift from Okawaru
 31479 | D:13     | Found Zurar's Food Shop.
 32424 | D:14     | Reached skill level 17 in Unarmed Combat
 32527 | D:14     | HP: 60/122 [yaktaur (14)]
 32672 | D:14     | Found a gate to the Vaults.
 32706 | D:14     | Received a gift from Okawaru
 32709 | D:14     | HP: 53/122 [vault guard/glaive of venom (17)]
 32714 | D:14     | HP: 39/122 [poisoned by a vault guard]
 32719 | D:14     | HP: 32/122 [poisoned by a vault guard]
 32724 | D:14     | HP: 30/122 [poisoned by a vault guard]
 32729 | D:14     | HP: 30/122 [poisoned by a vault guard]
 32735 | D:14     | HP: 41/122 [poisoned by a vault guard]
 32742 | D:14     | HP: 50/122 [poisoned by a vault guard]
 33268 | D:14     | Received a gift from Okawaru
 33833 | D:15     | Entered Level 15 of the Dungeon
 33969 | D:15     | Found Irobbig's Armour Shoppe.
 34015 | D:15     | HP: 60/123 [orc priest/hand axe (4)]
 34116 | D:15     | Bought a +4 plate armour of poison resistance for 752 gold pieces
 34219 | D:15     | Found a blossoming altar of Fedhas.
 34342 | D:15     | Noticed Nessos
 34358 | D:15     | Killed Nessos
 34358 | D:15     | Reached XP level 16. HP: 98/130 MP: 17/23
 34652 | D:15     | Found a staircase to the Depths.
 35043 | Swamp:1  | Entered Level 1 of the Swamp
 35044 | Swamp:1  | Upgraded the game from 0.21-a0-278-ga722497 to 0.21-a0-283-g622b906
 35848 | Swamp:2  | Learned a level 1 spell: Confusing Touch
 35970 | Swamp:2  | HP: 63/131 [poisoned by a swamp dragon (poison gas)]
 35971 | Swamp:2  | Reached skill level 10 in Armour
 35975 | Swamp:2  | HP: 52/131 [poisoned by a swamp dragon (poison gas)]
 35980 | Swamp:2  | HP: 46/131 [poisoned by a swamp dragon (poison gas)]
 35985 | Swamp:2  | HP: 42/131 [poisoned by a swamp dragon (poison gas)]
 35990 | Swamp:2  | HP: 39/131 [poisoned by a swamp dragon (poison gas)]
 35995 | Swamp:2  | HP: 37/131 [poisoned by a swamp dragon (poison gas)]
 36000 | Swamp:2  | HP: 36/131 [poisoned by a swamp dragon (poison gas)]
 36005 | Swamp:2  | HP: 36/131 [poisoned by a swamp dragon (poison gas)]
 36013 | Swamp:2  | HP: 37/131 [poisoned by a swamp dragon (poison gas)]
 36354 | Swamp:2  | Reached skill level 1 in Hexes
 36516 | Swamp:2  | Identified the cursed +3 rapier "Fyirph" {pierce, +Rage rPois MR- Int-4} (You took it off a spriggan on level 2 of the Swamp)
 36539 | Swamp:2  | Noticed a thorn hunter
 36541 | Swamp:2  | HP: 64/131 [thorn hunter/volley of thorns (8)]
 36543 | Swamp:2  | HP: 31/131 [thorn hunter (13)]
 36544 | Swamp:2  | Killed a thorn hunter
 36544 | Swamp:2  | Reached skill level 18 in Unarmed Combat
 36644 | Swamp:2  | HP: 78/157 [bog body (5)]
 37427 | Swamp:3  | Received a gift from Okawaru
 37429 | Swamp:3  | HP: 62/131 [spriggan rider/spear (6)]
 37434 | Swamp:3  | HP: 39/131 [hornet (6)]
 37436 | Swamp:3  | HP: 18/131 [spriggan rider/spear (15)]
 37442 | Swamp:2  | HP: 16/131 [poisoned by a hornet]
 37447 | Swamp:2  | HP: 16/131 [poisoned by a hornet]
 37454 | Swamp:2  | HP: 23/131 [poisoned by a hornet]
 37462 | Swamp:2  | HP: 31/131 [poisoned by a hornet]
 37811 | Swamp:3  | HP: 61/131 [tyrant leech (13)]
 38006 | Swamp:3  | Identified the +0 chain mail of Tiexe {Dex+2} (Okawaru gifted it to you on level 3 of the Swamp)
 38102 | Swamp:3  | HP: 72/157 [swamp drake (9)]
 38144 | Swamp:3  | Noticed Nikola
 38233 | Swamp:3  | HP: 42/131 [Nikola/chain lightning (32)]
 38233 | Swamp:3  | HP: 16/131 [Nikola/chain lightning (8)]
 38234 | Swamp:3  | HP: 7/131 [Nikola/chain lightning (9)]
 38234 | Swamp:3  | Killed from afar by Nikola

Vault maps used:
D:1:      lightli_arrival_noodles
D:2:      grunt_temple_overflow_gold_and_silver, first_bread,
          minmay_split_cup_small
D:3:      chequers_ecumenical_altar_island, hangedman_decor_points,
          corner_web_ring, corexii_leaking_fountain
D:4:      kennysheep_mini_moat, supply_closet_lemuel, uniq_menkaure, uniq_robin
D:5:      gammafunk_temple_overflow_statue, grunt_decor_clamped
D:6:      minmay_temple_entry_hall, serial_undead, serial_undead_b,
          serial_undead_d, serial_undead_e, serial_undead_e, uniq_sigmund
D:7:      grunt_livestock, nrook_mini_vaults, grunt_ministairs_14,
          grunt_decor_cap
D:8:      old_standard_altar, serial_shops,
          nicolae_shop_competitors_out_of_business, uniq_psyche
D:9:      grunt_lair_entry_orc_guard_hut, erik_orc_2, minivault_26
D:11:     st_stairs_7, serial_bayou_ford_a
D:12:     sword_in_stone, uniq_urug
D:13:     serial_shops, nicolae_shop_window_shopping
D:14:     grunt_vaults_entry_tiered, kennysheep_path_1
D:15:     grunt_enter_depths_snipers, serial_shops, nicolae_shop_statue_plus,
          fedhas_altar_fruit_tree, uniq_nessos
Lair:1:   uniq_sonja, uniq_joseph, uniq_fannar
Lair:2:   grunt_megastairs_4
Lair:3:   minmay_swamp_entry_worms, nicolae_quartered_pool_little,
          beast_lair_carwin_6, infiniplex_staircase_pool
Lair:4:   dummy_snake_entry, grunt_forest_stairs_basic, minivault_26,
          grunt_megastairs_3, uniq_harold
Lair:5:   minmay_slime_entry_pillars, beast_lair_carwin_4, grunt_megastairs_1
Lair:6:   hangedman_lair_tendril_chambers, serial_bayou_crossing
Swamp:1:  nicolae_swamp_round_clearing, swamp_pool1
Swamp:2:  evilmike_swamp_ruin_house_2
Swamp:3:  hangedman_swamp_ruin_hall, uniq_nikola, uniq_jorgrun
Orc:1:    serial_shops, shop, uniq_maurice
Orc:2:    grunt_orc_tribal_feast

Skill      XL: |  1  2  3  4  5  6  7  8  9 10 11 12 13 14 15 16 |
---------------+-------------------------------------------------+-----
Transmutations | 3 4 5 6 7 9 10 11 12 | 12.3
Unarmed Combat | 4 5 6 7 8 9 10 12 13 15 16 17 18 | 18.1
Fighting       | 2 4 5 6 8 9 10 12 13 | 13.5
Dodging        | 3 4 6 7 |  7.8
Invocations    | 1 3 4 5 6 7 8 9 |  9.5
Armour         | 2 3 5 7 8 9 10 | 10.6
Ice Magic      | 3 |  3.1
Spellcasting   | 3 4 |  4.0
Evocations     | 3 |  3.0
Shields        | 3 |  3.9
Charms         | 3 |  3.8
Necromancy     | 2 |  2.4
Hexes          | 3 |  3.0

Action                   |  1- 3 |  4- 6 |  7- 9 | 10-12 | 13-15 | 16-18 || total
-------------------------+-------+-------+-------+-------+-------+-------++-------
Melee: Unarmed           |   132 |   236 |   339 |   466 |  1049 |   198 ||  2420
       Punch             |     2 |     2 |     7 |    28 |    42 |    11 ||    92
       Headbutt          |       |       |       |    62 |   135 |    28 ||   225
 Cast: Beastly Appendage |     1 |       |       |       |       |       ||     1
       Spider Form       |     3 |     9 |    12 |    12 |     1 |       ||    37
       Sticks to Snakes  |       |     2 |       |     4 |       |       ||     6
       Blade Hands       |       |       |     5 |    46 |   102 |    15 ||   168
       Ice Form          |       |       |       |       |     4 |     7 ||    11
       Regeneration      |       |       |       |       |     5 |    28 ||    33
       Confusing Touch   |       |       |       |       |       |     3 ||     3
Invok: Heroism           |       |       |     1 |     8 |    14 |     2 ||    25
       Finesse           |       |       |       |       |     1 |       ||     1
 Abil: Hop               |       |     1 |     3 |     4 |    13 |       ||    21
       Evoke Berserk Rag |       |       |       |       |     7 |     1 ||     8
       End Transformatio |       |       |       |       |     2 |       ||     2
Evoke: Wand              |       |       |       |       |     4 |       ||     4
  Use: Scroll            |       |    14 |     6 |     5 |    10 |     2 ||    37
       Potion            |       |     1 |       |     3 |     2 |       ||     6
 Stab: Sleeping          |       |       |     1 |     1 |       |       ||     2
       Distracted        |       |       |       |     1 |       |       ||     1
       Confused          |       |       |       |       |       |     3 ||     3
  Eat: Bread ration      |     1 |       |       |       |     1 |       ||     2
       Chunk             |     3 |    11 |    14 |    47 |    80 |    22 ||   177
       Fruit             |       |     1 |     5 |     2 |     4 |     4 ||    16
       Meat ration       |       |       |       |     3 |     1 |       ||     4
Armor: Robe              |    21 |    36 |    71 |    19 |       |       ||   147
       Skin              |     1 |     6 |    11 |     2 |    12 |     3 ||    35
       Leather armour    |       |       |       |    72 |    22 |       ||    94
       Ring mail         |       |       |       |       |   386 |    26 ||   412
       Swamp dragon scal |       |       |       |       |       |    33 ||    33
Dodge: Dodged            |    94 |   187 |   223 |   287 |   616 |    94 ||  1501
Block: Buckler           |       |       |       |       |    17 |    14 ||    31

Table legend:
 A = Spawn XP
 B = Non-spawn XP
 C = Spawn XP percentage of total XP
 D = Spawn monster count
 E = Non-spawn monster count
 F = Spawn count percentage of total count
 G = Total turns spent on level
                    A         B        C        D         E        F      G
               +---------+---------+-------+---------+---------+-------+---------
         Total |       0 |  154196 |   0.0 |       0 |     764 |   0.0 | 38234
               +---------+---------+-------+---------+---------+-------+---------
           D:1 |       0 |      31 |   0.0 |       0 |      19 |   0.0 |  1440
           D:2 |       0 |      57 |   0.0 |       0 |      17 |   0.0 |  1673
           D:3 |       0 |      77 |   0.0 |       0 |      23 |   0.0 |  1397
           D:4 |       0 |     430 |   0.0 |       0 |      24 |   0.0 |  1660
           D:5 |       0 |     537 |   0.0 |       0 |      30 |   0.0 |  1219
           D:6 |       0 |     965 |   0.0 |       0 |      27 |   0.0 |  1100
           D:7 |       0 |    2848 |   0.0 |       0 |      42 |   0.0 |  1555
           D:8 |       0 |    2366 |   0.0 |       0 |      27 |   0.0 |  1996
           D:9 |       0 |    2830 |   0.0 |       0 |      39 |   0.0 |  3951
          D:10 |       0 |    3537 |   0.0 |       0 |      19 |   0.0 |   810
          D:11 |       0 |    4892 |   0.0 |       0 |      27 |   0.0 |  1103
          D:12 |       0 |    7939 |   0.0 |       0 |      28 |   0.0 |  1154
          D:13 |       0 |    7001 |   0.0 |       0 |      18 |   0.0 |   999
          D:14 |       0 |   18154 |   0.0 |       0 |      55 |   0.0 |  1493
          D:15 |       0 |   10229 |   0.0 |       0 |      31 |   0.0 |   987
        Lair:1 |       0 |    8734 |   0.0 |       0 |      20 |   0.0 |  1691
        Lair:2 |       0 |    4736 |   0.0 |       0 |      18 |   0.0 |  1370
        Lair:3 |       0 |   11208 |   0.0 |       0 |      44 |   0.0 |  2166
        Lair:4 |       0 |    6108 |   0.0 |       0 |      19 |   0.0 |  2017
        Lair:5 |       0 |    7053 |   0.0 |       0 |      27 |   0.0 |  1332
        Lair:6 |       0 |   17442 |   0.0 |       0 |      70 |   0.0 |  1641
       Swamp:1 |       0 |    2962 |   0.0 |       0 |       9 |   0.0 |   775
       Swamp:2 |       0 |   12854 |   0.0 |       0 |      34 |   0.0 |  2054
       Swamp:3 |       0 |    4115 |   0.0 |       0 |      13 |   0.0 |   362
         Orc:1 |       0 |    5946 |   0.0 |       0 |      41 |   0.0 |  1133
         Orc:2 |       0 |   11145 |   0.0 |       0 |      43 |   0.0 |  1156
               +---------+---------+-------+---------+---------+-------+---------

Vault maps used:
D:1:      lightli_arrival_noodles
D:2:      grunt_temple_overflow_gold_and_silver, first_bread,
          minmay_split_cup_small
D:3:      chequers_ecumenical_altar_island, hangedman_decor_points,
          corner_web_ring, corexii_leaking_fountain
D:4:      kennysheep_mini_moat, supply_closet_lemuel, uniq_menkaure, uniq_robin
D:5:      gammafunk_temple_overflow_statue, grunt_decor_clamped
D:6:      minmay_temple_entry_hall, serial_undead, serial_undead_b,
          serial_undead_d, serial_undead_e, serial_undead_e, uniq_sigmund
D:7:      grunt_livestock, nrook_mini_vaults, grunt_ministairs_14,
          grunt_decor_cap
D:8:      old_standard_altar, serial_shops,
          nicolae_shop_competitors_out_of_business, uniq_psyche
D:9:      grunt_lair_entry_orc_guard_hut, erik_orc_2, minivault_26
D:11:     st_stairs_7, serial_bayou_ford_a
D:12:     sword_in_stone, uniq_urug
D:13:     serial_shops, nicolae_shop_window_shopping
D:14:     grunt_vaults_entry_tiered, kennysheep_path_1
D:15:     grunt_enter_depths_snipers, serial_shops, nicolae_shop_statue_plus,
          fedhas_altar_fruit_tree, uniq_nessos
Lair:1:   uniq_sonja, uniq_joseph, uniq_fannar
Lair:2:   grunt_megastairs_4
Lair:3:   minmay_swamp_entry_worms, nicolae_quartered_pool_little,
          beast_lair_carwin_6, infiniplex_staircase_pool
Lair:4:   dummy_snake_entry, grunt_forest_stairs_basic, minivault_26,
          grunt_megastairs_3, uniq_harold
Lair:5:   minmay_slime_entry_pillars, beast_lair_carwin_4, grunt_megastairs_1
Lair:6:   hangedman_lair_tendril_chambers, serial_bayou_crossing
Swamp:1:  nicolae_swamp_round_clearing, swamp_pool1
Swamp:2:  evilmike_swamp_ruin_house_2
Swamp:3:  hangedman_swamp_ruin_hall, uniq_nikola, uniq_jorgrun
Orc:1:    serial_shops, shop, uniq_maurice
Orc:2:    grunt_orc_tribal_feast
